 Dungeon Crawl Stone Soup version 0.30-a0-297-g0ec75d9ef4 (webtiles) character file.

Game seed: 10387819134124879540

1384 Kinoniko the Cleaver (level 8, 0/58 HPs)
             Began as a Formicid Fighter on Oct 18, 2022.
             Slain by a centaur
             ... wielding a +0 flail
              (5 damage)
             ... on level 6 of the Dungeon.
             The game lasted 00:05:32 (4363 turns).

Kinoniko the Cleaver (Formicid Fighter)             Turns: 4363, Time: 00:05:33

Health: 0/58       AC: 12    Str: 23    XL:     8   Next: 99%
Magic:  8/8        EV: 10    Int:  8    God:
Gold:   214        SH:  5    Dex: 13    Spells: 7/7 levels left

rFire   . . .      SeeInvis +    a - +0 war axe (flame)
rCold   . . .      Faith    .    c - +0 buckler
rNeg    . . .      Spirit   .    m - +2 ring mail {rPois}
rPois   +          Reflect  .    (helmet unavailable)
rElec   .          Harm     .    h - +0 cloak
rCorr   .          Rampage  .    o - +2 pair of gloves
Will    .....                    (no boots)
Stlth   +.........               (no amulet)
HPRegen 0.29/turn                p - ring of poison resistance
MPRegen 0.11/turn                (no ring)

@: flying
A: permanent stasis, dig shafts and tunnels, antennae 3, four strong arms
a: Dig, Shaft Self


You were on level 6 of the Dungeon.
You visited 2 branches of the dungeon, and saw 7 of its levels.

You collected 214 gold pieces.

Inventory:

Hand Weapons
 a - a +0 war axe of flaming (weapon)
Armour
 b - a +0 scale mail
 c - a +0 buckler (worn)
 h - a +0 cloak (worn)
 m - a +2 ring mail of poison resistance (worn)
 o - a +2 pair of gloves (worn)
Jewellery
 p - a ring of poison resistance (left hand)
Wands
 r - a wand of quicksilver (6)
 u - a wand of flame (27)
Scrolls
 f - 3 scrolls of teleportation
 g - 3 scrolls of silence
 i - 2 scrolls of fear
 k - a scroll of amnesia
 t - 2 scrolls of butterflies
 v - a scroll of identify
Potions
 e - 2 potions of magic
 j - 3 potions of mutation
 n - 3 potions of curing


   Skills:
 - Level 3.2 Fighting
 * Level 10.6 Axes
 - Level 3.2 Armour
 - Level 4.0 Shields


You had 7 spell levels left.
You didn't know any spells.
Your spell library contained the following spells:

 Spells                   Type           Power      Damage    Failure   Level
 Slow                     Hex            0%         N/A       63%         1
 Confusing Touch          Hex            0%         N/A       94%         3
 Vampiric Draining        Necr           0%         2d6       94%         3
 Iskenderun's Battlesphe  Conj           0%         2d6       100%        5
 Iron Shot                Conj/Erth      0%         9d1       100%        6
 Spellforged Servitor     Conj/Summ      0%         N/A       100%        7


Dungeon Overview and Level Annotations

Branches:
Dungeon (6/15)             Temple (1/1) D:5

Altars:
Ashenzari
Dithmenos
Fedhas
Gozag
Hepliaklqana
Nemelex Xobeh
Qazlal
Ru
Trog
Uskayaw
Vehumet
Wu Jian
Zin
The Shining One


Innate Abilities, Weirdness & Mutations

You cannot be hasted, slowed, berserked, paralysed or teleported.
You can dig through walls and to a lower floor.
You have a pair of large antennae on your head. (SInv)
Your four strong arms can wield two-handed weapons with a shield.


Message History

The centaur unwields a +0 flail.
The centaur wields a +0 shortbow.
The centaur shoots an arrow.
You block the arrow.
You start resting.
An orc warrior is nearby!
You hit the orc warrior but do no damage.
The orc warrior closely misses you.
You closely miss the orc warrior.
The orc warrior hits you with a +0 halberd.
You are too injured to fight recklessly!
You are too injured to fight recklessly!
Okay, then.
You slash the orc warrior! You burn the orc warrior.
The orc warrior is severely wounded.
The orc warrior hits you with a +0 halberd.
You hit the orc warrior but do no damage.
The orc warrior is severely wounded.
The orc warrior hits you with a +0 halberd.
You closely miss the orc warrior.
The orc warrior is severely wounded.
The orc warrior completely misses you. You block the orc warrior's attack.
You closely miss the orc warrior.
The orc warrior is heavily wounded.
You slash the orc warrior! You burn the orc warrior.
You kill the orc warrior!
The centaur shoots an arrow.
The arrow hits you.
* * * LOW HITPOINT WARNING * * *
The centaur shoots an arrow.
The arrow hits you!
* * * LOW HITPOINT WARNING * * *
You hear an angry hiss.
A jelly comes into view.
The jelly quivers.
The centaur unwields a +0 shortbow.
The centaur wields a +0 flail.
The centaur hits you but does no damage.
The centaur kicks you but does no damage.
Things that are here:
a +0 halberd; a +0 chain mail You hit the centaur.
You burn the centaur.
The centaur is moderately wounded.
The centaur hits you with a +0 flail.
You die...

#.....Y..##.##.#.#.##.... ....#
......##.##.............# #...#
#.##........##.#....#.#.# #...#
.##.....{...#J#....#.#.# #...#
..............#...>....####...#
##..........#†#..#..#..........
#..........#.#................
............#.#.###.#..........
#..#........#c@.....#.####.....
..............#.......# #.#...#
...##########.#####.### #.#...#
#.# #.##..†.# #.#...# #.
#.##.##.# #.....
#####.##.##.#######...#
#...........##...###.#. #
#.#####..####........#.
#...###.##........#..........


You could see a centaur and a jelly.

Vanquished Creatures
  Sigmund (D:2)
  A black bear (D:4)
  An orc warrior (D:6)
  3 ice beasts (D:5)
  2 ogres (D:4)
  A bullfrog (D:6)
  A scorpion (D:6)
  2 howler monkeys
  A gnoll bouda (D:6)
  Crazy Yiuf (D:2)
  A hound (D:5)
  An iguana (D:4)
  3 orc wizards
  Robin (D:2)
  10 adders
  A white imp (D:6)
  3 worms
  A dart slug (D:3)
  13 orcs
  3 bats
  5 endoplasms
  3 giant cockroaches
  15 goblins
  8 hobgoblins
  3 jackals (D:4)
  6 quokkas
  4 ball pythons
  8 frilled lizards
  5 kobolds
  4 rats
112 creatures vanquished.

Vanquished Creatures (others)
  3 fungi (D:2)
3 creatures vanquished.

Grand Total: 115 creatures vanquished

Notes
Turn   | Place    | Note
-------+----------+-------------------------------------------
     0 | D:1      | Kinoniko the Formicid Fighter began the quest for the Orb.
     0 | D:1      | Reached XP level 1. HP: 18/18 MP: 1/1
   232 | D:1      | Reached XP level 2. HP: 21/24 MP: 2/2
   438 | D:1      | Reached skill level 3 in Axes
   580 | D:1      | Reached XP level 3. HP: 28/29 MP: 3/3
   939 | D:2      | Noticed Sigmund
   949 | D:2      | Killed Sigmund
   950 | D:2      | Reached skill level 5 in Axes
   950 | D:2      | Reached XP level 4. HP: 13/35 MP: 4/4
   950 | D:2      | Reached XP level 5. HP: 15/41 MP: 5/5
  1187 | D:2      | Reached XP level 6. HP: 47/47 MP: 6/6
  1228 | D:2      | Noticed Robin
  1241 | D:2      | Reached skill level 6 in Axes
  1242 | D:2      | Killed Robin
  1851 | D:2      | Found a runed translucent door.
  1852 | D:2      | Noticed Crazy Yiuf
  1860 | D:2      | Killed Crazy Yiuf
  1982 | D:3      | Found a sacrificial altar of Ru.
  2102 | D:3      | Found a radiant altar of Vehumet.
  2103 | D:3      | Found a sparkling altar of Nemelex Xobeh.
  2193 | D:3      | You fall into a shaft and drop 1 floor!
  2223 | D:4      | Noticed an ogre
  2235 | D:4      | Killed an ogre
  2236 | D:4      | Reached skill level 7 in Axes
  2236 | D:4      | Reached XP level 7. HP: 12/52 MP: 7/7
  2683 | D:3      | Found a blossoming altar of Fedhas.
  3121 | D:4      | Reached skill level 8 in Axes
  3338 | D:5      | Entered Level 5 of the Dungeon
  3361 | D:5      | Reached XP level 8. HP: 58/58 MP: 8/8
  3441 | D:5      | Reached skill level 9 in Axes
  3711 | D:5      | Found a staircase to the Ecumenical Temple.
  3804 | Temple   | Entered the Ecumenical Temple
  4310 | D:6      | Reached skill level 10 in Axes
  4363 | D:6      | Slain by a centaur

Illustrated notes

Levels and vault maps discovered:
D:1:      dpeg_arrival_windows_large_door, layout_basic,
          wander_ebering_terrifying_dragon_lair
D:2:      minmay_recursive_quarters, layout_loops_ring, grunt_ministairs_8,
          uniq_crazy_yiuf_cottage, uniq_sigmund, uniq_robin
D:3:      layout_rooms, fedhas_altar_fruit_tree, minitemple,
          mainiacjoe_overflow_small_starburst, grunt_ministairs_9,
          kennysheep_generic_room_12
D:4:      layout_loops_cross
D:5:      layout_rooms, lemuel_temple_firewalk_b
D:6:      layout_loops_cross, minmay_overflow_temple_star_quad,
          minmay_fractal_squares_diagonal_5
Temple:   zaba_magenta_temple

Skill      XL: |  1  2  3  4  5  6  7  8 |
---------------+-------------------------+-----
Axes           | 3 5 7 8 10 | 10.6
Fighting       | |  3.2
Armour         | |  3.2
Shields        | |  4.0

Action                   |  1- 3 |  4- 6 |  7- 9 || total
-------------------------+-------+-------+-------++-------
Melee: War axe           |    78 |   124 |   142 ||   344
 Abil: Dig               |       |     1 |       ||     1
  Use: Potion            |     1 |     4 |     4 ||     9
       Scroll            |       |       |    12 ||    12
Armor: Scale mail        |    21 |    43 |       ||    64
       Ring mail         |       |    25 |    68 ||    93
       Skin              |       |     1 |       ||     1
Dodge: Dodged            |    29 |    69 |    73 ||   171
Block: Buckler           |    27 |    31 |    29 ||    87

Table legend: (Time is in decaauts)
 A = Elapsed time spent in this place.
 B = Non-inter-level travel time spent in this place.
 C = Inter-level travel time spent in this place.
 D = Time resting spent in this place.
 E = Time spent auto-exploring this place.
 F = Levels seen in this place.
 G = Mean time per level.
                   A        B        C        D        E       F      G
               +--------+--------+--------+--------+--------+-----+--------+
         Total |   4432 |   4196 |    236 |    145 |   3184 |   7 |  633.1 |
       Dungeon |   4323 |   4088 |    235 |    145 |   3134 |   6 |  720.5 |
        Temple |    109 |    109 |      0 |      0 |     50 |   1 |  109.0 |
               +--------+--------+--------+--------+--------+-----+--------+

Top non-repeatable levels by time:
     D:2: 1242 daAuts
     D:4: 807 daAuts
     D:1: 730 daAuts
     D:5: 657 daAuts
     D:3: 622 daAuts
     D:6: 262 daAuts
  Temple: 109 daAuts
